 Dungeon Crawl Stone Soup version 0.25.1-2-g60ff931df9 (webtiles) character file.

Game seed: 3444754151018599084

31 Martska the Changer (level 3, -2/31 HPs)
             Began as a Naga Transmuter on Oct 14, 2020.
             Slain by a centaur (7 damage)
             ... on level 2 of the Dungeon.
             The game lasted 00:01:39 (1285 turns).

Martska the Changer (Naga Transmuter)               Turns: 1285, Time: 00:01:40

Health: -2/31      AC:  3    Str: 12    XL:     3   Next: 22%
Magic:  6/6        EV: 14    Int: 14    God:
Gold:   57         SH:  0    Dex: 11    Spells: 5/6 levels left

rFire    . . .     SeeInvis +   f - +0 short sword
rCold    . . .     Gourm    .   (no shield)
rNeg     . . .     Faith    .   b - +0 robe
rPois    +         Spirit   .   (no helmet)
rElec    .         Reflect  .   (no cloak)
rCorr    .         Harm     .   h - +0 pair of gloves
MR       .....                  (no barding)
Stlth    +.........             (no amulet)
HPRegen  0.10/turn              e - +4 ring of evasion
MPRegen  0.10/turn              (no ring)

@: very slow
A: large, see invisible, deformed body, poison resistance, slowness 2, slow
metabolism 1, spit poison 1, AC +1
a: Spit Poison


You were on level 2 of the Dungeon.
You were not hungry.

You visited 1 branch of the dungeon, and saw 2 of its levels.

You collected 57 gold pieces.

Inventory:

Hand Weapons
 c - a +0 dagger
 f - a +0 short sword (weapon)
Missiles
 a - 25 arrows
Armour
 b - a +0 robe (worn)
 h - a +0 pair of gloves (worn)
Jewellery
 e - a +4 ring of evasion (left hand)
Scrolls
 i - a scroll of teleportation {unknown}
 j - a scroll of fog {unknown}
 o - a scroll of amnesia {unknown}
 p - a scroll of enchant weapon {unknown}
Potions
 g - a potion of degeneration {unknown}
 k - a potion of brilliance {unknown}
 l - a potion of resistance {unknown}
 m - a potion of heal wounds {unknown}
Comestibles
 d - 4 rations
 n - 2 chunks of flesh


   Skills:
 - Level 1.0 Fighting
 - Level 1.5 Dodging
 - Level 3.0 Unarmed Combat
 - Level 2.0 Spellcasting
 + Level 3.6 Transmutations


You had 5 spell levels left.
You knew the following spells:

 Your Spells              Type           Power        Failure   Level  Hunger
a - Beastly Appendage     Tmut           ##....       5%          1    ##.....

Your spell library contained the following spells:

 Spells                   Type           Power        Failure   Level  Hunger
 Sticks to Snakes         Tmut           ##......     9%          2    ###....
 Spider Form              Tmut/Pois      #.........   34%         3    ####...
 Ice Form                 Ice/Tmut       #.......     75%         4    #####..
 Blade Hands              Tmut           ##........   83%         5    ######.


Dungeon Overview and Level Annotations

Branches:
Dungeon (2/15)

Altars:


Innate Abilities, Weirdness & Mutations

You cannot wear boots.
Your serpentine skin is tough. (AC +1)
You have supernaturally acute eyesight. (SInv)
Armour fits poorly on your strangely shaped body.
Your system is resistant to poisons. (rPois)
You cover ground very slowly.
You have a slow metabolism.
You can spit poison.


Message History

You feel slightly more hungry. The centaur hits you.
You barely miss the centaur.
The centaur is heavily wounded.
The centaur hits you. x2
* * * LOW HITPOINT WARNING * * *
You barely miss the centaur.
The centaur is heavily wounded.
The centaur completely misses you. The centaur hits you.
* * * LOW HITPOINT WARNING * * *
You hit the centaur but do no damage.
The centaur is heavily wounded.
The centaur closely misses you.
You hit the centaur.
The centaur is severely wounded.
The centaur barely misses you. The centaur closely misses you.
You closely miss the centaur.
The centaur is severely wounded.
You have got your breath back.
The centaur completely misses you. The centaur hits you!
You die...

... #.#.##..# #..
#.#)##..# #.# #.#.##..#
#.# # #.#(##..# ...
#.#.#.##..# ###.##
#.#.#.##..# #....
#.#.#.##..# #.#c#
#.........# #.#@# #
#........## #.#.###.#
#.#.#.##.# #.#((...#
##.....##.####.##....###
.................(.....+
##....###.#######...####
#.#.####.# ##..#
#........# #.#
#.######## ...


You could see a centaur (poisoned).

Vanquished Creatures
  3 dart slugs
  2 giant cockroaches
  5 goblins (D:1)
  2 hobgoblins
  3 bats (D:1)
  2 frilled lizards
  7 kobolds
  3 rats
27 creatures vanquished.

Vanquished Creatures (others)
  4 toadstools (D:1)
4 creatures vanquished.

Grand Total: 31 creatures vanquished

Notes
Turn   | Place    | Note
-------+----------+-------------------------------------------
     0 | D:1      | Martska the Naga Transmuter began the quest for the Orb.
     0 | D:1      | Reached XP level 1. HP: 18/18 MP: 3/3
   292 | D:1      | Reached XP level 2. HP: 19/25 MP: 5/5
   948 | D:2      | Reached XP level 3. HP: 18/31 MP: 6/6
  1269 | D:2      | Noticed a centaur
  1285 | D:2      | Slain by a centaur

Illustrated notes

Levels and vault maps discovered:
D:1:      ldierk_walled_garden_2, layout_rooms
D:2:      layout_loops_corners, chequers_ecumenical_altar_simple,
          minmay_three_crescents

Skill      XL: |  1  2 |
---------------+-------+-----
Transmutations | 3 |  3.6
Fighting       | |  1.0
Dodging        | |  1.5
Unarmed Combat | |  3.0
Spellcasting   | |  2.0

Action                   || total
-------------------------++-------
Melee: Dagger            ||     7
       Unarmed           ||     5
       Short sword       ||    61
       Punch             ||     1
 Abil: Spit Poison       ||     9
  Eat: Chunk             ||     1
Armor: Robe              ||    11
Dodge: Dodged            ||    48
